| TOP OF THE 1ST |
|
Staten Island Yankees batting - Pitching for Los Angeles (NYP) Angels : LHP Mark Sanders
|
|
Pitching: LHP Mark Sanders
|
|
|
Batting: RHB Norimoto Miyanishi
|
0-0: Ground out 5-3 (Groundball, 5L, EV 102.5 MPH)
|
|
Batting: LHB Dario Segura
|
0-0: Ball 1-0: Ball 2-0: SINGLE (Line Drive, 8LS, EV 99.4 MPH)
|
|
Batting: RHB Pat Pemberton
|
0-0: Ball 1-0: Called Strike 1-1: Called Strike 1-2: Foul Ball, location: 2F 1-2: Strikes out swinging
|
|
Batting: RHB Brad Wren
|
0-0: Ball 1-0: Ball 2-0: Called Strike 2-1: Swinging Strike 2-2: Foul Ball, location: 2F 2-2: Reached on error, E6 (Groundball, 6, EV 78.1 MPH) Dario Segura to second
|
|
Batting: RHB Jon Pierce
|
0-0: Ball 1-0: Foul Ball, location: 2F 1-1: Swinging Strike 1-2: Hit by Pitch Dario Segura to third Brad Wren to second
|
|
Batting: SHB Adam Slade
|
0-0: Called Strike 0-1: Foul Ball, location: 2F 0-2: Foul Ball, location: 2F 0-2: Ball 1-2: Strikes out swinging
|
| Top of the 1st over - 0 runs, 1 hit, 1 error, 3 left on base; Staten Island 0 - Los Angeles (NYP) 0 |
| BOTTOM OF THE 1ST |
|
Los Angeles (NYP) Angels batting - Pitching for Staten Island Yankees : RHP Francisco Rosado
|
|
Pitching: RHP Francisco Rosado
|
|
|
Batting: RHB Dan Myers
|
0-0: Foul Ball, location: 2F 0-1: Fly out, F6 (Line Drive, 6M, EV 60.0 MPH)
|
|
Batting: RHB Rory Cobb
|
0-0: Ball 1-0: Ball 2-0: Called Strike 2-1: Swinging Strike 2-2: Strikes out looking
|
|
Batting: RHB Sean Rocha
|
0-0: Ground out 5-3 (Groundball, 56, EV 106.9 MPH)
|
| Bottom of the 1st over - 0 runs, 0 hits, 0 errors, 0 left on base; Staten Island 0 - Los Angeles (NYP) 0 |
| TOP OF THE 2ND |
|
Staten Island Yankees batting - Pitching for Los Angeles (NYP) Angels : LHP Mark Sanders
|
|
Batting: LHB Danny de Leon
|
0-0: Foul Ball, location: 2F 0-1: Called Strike 0-2: Ball 1-2: Ball 2-2: Strikes out swinging
|
|
Batting: RHB Jesus Ruiz
|
0-0: Called Strike 0-1: Foul Ball, location: 2F 0-2: Strikes out looking
|
|
Batting: RHB Daniel Underhay
|
0-0: Ball 1-0: Foul Ball, location: 2F 1-1: Foul Ball, location: 2F 1-2: Ball 2-2: Foul Ball, location: 2F 2-2: Ball 3-2: Reached on error, E6 (Groundball, 6, EV 88.8 MPH)
|
|
Batting: RHB Norimoto Miyanishi
|
0-0: Called Strike 0-1: Ball 1-1: Ball 2-1: Foul Ball, location: 2F 2-2: Foul Ball, location: 2F 2-2: Ground out 6-3 (Groundball, 6, EV 98.1 MPH)
|
| Top of the 2nd over - 0 runs, 0 hits, 1 error, 1 left on base; Staten Island 0 - Los Angeles (NYP) 0 |
| BOTTOM OF THE 2ND |
|
Los Angeles (NYP) Angels batting - Pitching for Staten Island Yankees : RHP Francisco Rosado
|
|
Batting: LHB Alberto Carrillo
|
0-0: Ball 1-0: Ball 2-0: Ball 3-0: Called Strike 3-1: Reached on error, E4 (Groundball, 4S, EV 84.4 MPH)
|
|
Batting: SHB Danny Gelinas
|
0-0: Called Strike 0-1: Ball 1-1: SINGLE (Groundball, 34D, EV 106.9 MPH) Alberto Carrillo to third
|
|
Batting: RHB Dan Burkhart
|
0-0: Ball 1-0: SINGLE (Groundball, 56D, EV 105.6 MPH) Alberto Carrillo scores Danny Gelinas to second
|
|
Batting: LHB Adam Barry
|
0-0: Foul Ball, location: 2F 0-1: Swinging Strike 0-2: Ball 1-2: Grounds into double play, 6-4-3 (Groundball, 6M, EV 83.8 MPH) Danny Gelinas to third
|
|
Batting: RHB Davey Verhoog
|
0-0: Ball 1-0: Foul Ball, location: 2F 1-1: Ball 2-1: Foul Ball, location: 2F 2-2: Foul Ball, location: 2F 2-2: Ball 3-2: Foul Ball, location: 2F 3-2: Ground out 5-3 (Groundball, 56, EV 102.5 MPH)
|
| Bottom of the 2nd over - 1 run, 2 hits, 1 error, 1 left on base; Staten Island 0 - Los Angeles (NYP) 1 |
| TOP OF THE 3RD |
|
Staten Island Yankees batting - Pitching for Los Angeles (NYP) Angels : LHP Mark Sanders
|
|
Batting: LHB Dario Segura
|
0-0: Ball 1-0: Foul Ball, location: 2F 1-1: Called Strike 1-2: Ball 2-2: Foul Ball, location: 2F 2-2: Strikes out swinging
|
|
Batting: RHB Pat Pemberton
|
0-0: Ball 1-0: Ball 2-0: Foul Ball, location: 2F 2-1: Called Strike 2-2: Foul Ball, location: 2F 2-2: Strikes out swinging
|
|
Batting: RHB Brad Wren
|
0-0: Called Strike 0-1: Ball 1-1: Called Strike 1-2: Ball 2-2: Foul Ball, location: 2F 2-2: Ball 3-2: Base on Balls
|
|
Batting: RHB Jon Pierce
|
0-0: Called Strike 0-1: Called Strike 0-2: Ground out 4-3 (Groundball, 4, EV 108.8 MPH)
|
| Top of the 3rd over - 0 runs, 0 hits, 0 errors, 1 left on base; Staten Island 0 - Los Angeles (NYP) 1 |
| BOTTOM OF THE 3RD |
|
Los Angeles (NYP) Angels batting - Pitching for Staten Island Yankees : RHP Francisco Rosado
|
|
Batting: RHB Malachi Ephron
|
0-0: Ball 1-0: Ball 2-0: Ball 3-0: Base on Balls
|
|
Batting: RHB Dan Myers
|
0-0: Ball 1-0: Called Strike 1-1: Called Strike Malachi Ephron steals 2nd, throwing error, E2 Malachi Ephron to third 1-2: Ball 2-2: SINGLE (Line Drive, 7S, EV 98.1 MPH) Malachi Ephron scores
|
|
Batting: RHB Rory Cobb
|
0-0: Called Strike Dan Myers is caught stealing 2nd base 2-4 0-1: Ball 1-1: Ball 2-1: Swinging Strike 2-2: Fly out, F9 (Flyball, 9, EV 96.2 MPH)
|
|
Batting: RHB Sean Rocha
|
0-0: Called Strike 0-1: Foul Ball, location: 2F 0-2: Ground out 5-3 (Groundball, 56, EV 106.9 MPH)
|
| Bottom of the 3rd over - 1 run, 1 hit, 1 error, 0 left on base; Staten Island 0 - Los Angeles (NYP) 2 |
| TOP OF THE 4TH |
|
Staten Island Yankees batting - Pitching for Los Angeles (NYP) Angels : LHP Mark Sanders
|
|
Batting: SHB Adam Slade
|
0-0: Ball 1-0: Called Strike 1-1: Swinging Strike 1-2: Foul Ball, location: 2F 1-2: SINGLE (Groundball, 56D, EV 100.0 MPH)
|
|
Batting: LHB Danny de Leon
|
0-0: Fly out, F9 (Flyball, 89S, EV 85.0 MPH)
|
|
Batting: RHB Jesus Ruiz
|
0-0: Called Strike 0-1: Foul Ball, location: 2F 0-2: Ball 1-2: Ball Wild Pitch! Adam Slade to second 2-2: SINGLE (Groundball, 56S, EV 97.5 MPH) Adam Slade to third
|
|
Batting: RHB Daniel Underhay
|
0-0: Called Strike 0-1: Foul Ball, location: 2F 0-2: Ball 1-2: Ball 2-2: Foul Ball, location: 2F 2-2: Strikes out swinging
|
|
Pitching: RHP Owen Prouty
|
|
|
Pinch Hitting: SHB Tadaaki Kondo
|
0-0: Called Strike 0-1: Foul Ball, location: 2F 0-2: Strikes out looking
|
| Top of the 4th over - 0 runs, 2 hits, 0 errors, 2 left on base; Staten Island 0 - Los Angeles (NYP) 2 |
| BOTTOM OF THE 4TH |
|
Los Angeles (NYP) Angels batting - Pitching for Staten Island Yankees : RHP Francisco Rosado
|
|
Now in CF: Mike Schermerhorn
|
|
|
Batting: LHB Alberto Carrillo
|
0-0: Fly out, F9 (Line Drive, 9, EV 90.0 MPH)
|
|
Batting: SHB Danny Gelinas
|
0-0: Ball 1-0: Fly out, F8 (Flyball, 89D, EV 81.9 MPH)
|
|
Batting: RHB Dan Burkhart
|
0-0: Ball 1-0: Called Strike 1-1: DOUBLE (Line Drive, 7LS, EV 96.9 MPH)
|
|
Batting: LHB Adam Barry
|
0-0: Ground out 4-3 (Groundball, 4, EV 107.5 MPH)
|
| Bottom of the 4th over - 0 runs, 1 hit, 0 errors, 1 left on base; Staten Island 0 - Los Angeles (NYP) 2 |
| TOP OF THE 5TH |
|
Staten Island Yankees batting - Pitching for Los Angeles (NYP) Angels : RHP Owen Prouty
|
|
Batting: LHB Dario Segura
|
0-0: Swinging Strike 0-1: Swinging Strike 0-2: Ball 1-2: Ball 2-2: Ball 3-2: Base on Balls
|
|
Batting: RHB Pat Pemberton
|
0-0: Called Strike 0-1: Ball 1-1: Ball 2-1: Swinging Strike 2-2: Strikes out swinging
|
|
Batting: RHB Brad Wren
|
0-0: Called Strike Dario Segura is caught stealing 2nd base 2-4 0-1: Swinging Strike 0-2: Strikes out looking
|
| Top of the 5th over - 0 runs, 0 hits, 0 errors, 0 left on base; Staten Island 0 - Los Angeles (NYP) 2 |
| BOTTOM OF THE 5TH |
|
Los Angeles (NYP) Angels batting - Pitching for Staten Island Yankees : RHP Francisco Rosado
|
|
Batting: RHB Davey Verhoog
|
0-0: Ball 1-0: Swinging Strike 1-1: Fly out, F3 (Popup, 3F, EV 67.5 MPH)
|
|
Batting: RHB Malachi Ephron
|
0-0: Ball 1-0: Ball 2-0: Ball 3-0: Base on Balls
|
|
Batting: RHB Dan Myers
|
0-0: Ball 1-0: Fielders Choice at 2nd, 4-6 (Groundball, 4, EV 80.0 MPH)
|
|
Batting: RHB Rory Cobb
|
0-0: Called Strike 0-1: SINGLE (Groundball, 5S, EV 70.6 MPH) (infield hit) Dan Myers to second
|
|
Batting: RHB Sean Rocha
|
0-0: Ball 1-0: SINGLE (Groundball, 5S, EV 70.0 MPH) (infield hit) Dan Myers to third Rory Cobb to second
|
|
Batting: LHB Alberto Carrillo
|
0-0: Called Strike 0-1: Ground out U3 (Groundball, 3S, EV 95.0 MPH)
|
| Bottom of the 5th over - 0 runs, 2 hits, 0 errors, 3 left on base; Staten Island 0 - Los Angeles (NYP) 2 |
| TOP OF THE 6TH |
|
Staten Island Yankees batting - Pitching for Los Angeles (NYP) Angels : RHP Owen Prouty
|
|
Batting: RHB Jon Pierce
|
0-0: Called Strike 0-1: Called Strike 0-2: Ball 1-2: Foul Ball, location: 2F 1-2: Foul Ball, location: 2F 1-2: Strikes out swinging
|
|
Batting: SHB Adam Slade
|
0-0: Ball 1-0: Called Strike 1-1: Swinging Strike 1-2: Ball 2-2: Strikes out swinging
|
|
Batting: LHB Danny de Leon
|
0-0: Ball 1-0: Ball 2-0: Ball 3-0: Base on Balls
|
|
Batting: RHB Jesus Ruiz
|
0-0: Ground out 6-3 (Groundball, 6S, EV 69.4 MPH)
|
| Top of the 6th over - 0 runs, 0 hits, 0 errors, 1 left on base; Staten Island 0 - Los Angeles (NYP) 2 |
| BOTTOM OF THE 6TH |
|
Los Angeles (NYP) Angels batting - Pitching for Staten Island Yankees : RHP Francisco Rosado
|
|
Batting: SHB Danny Gelinas
|
0-0: Called Strike 0-1: Swinging Strike 0-2: Ball 1-2: Foul Ball, location: 2F 1-2: Foul Ball, location: 2F 1-2: Foul Ball, location: 2F 1-2: Foul Ball, location: 2F 1-2: Ball 2-2: Ball 3-2: Fly out, F9 (Flyball, 9, EV 89.4 MPH)
|
|
Pitching: RHP Jake Bryant
|
|
|
Batting: RHB Dan Burkhart
|
0-0: Swinging Strike 0-1: Ball 1-1: SOLO HOME RUN (Flyball, 89XD, EV 112.5 MPH), Distance : 441 ft
|
|
Batting: LHB Adam Barry
|
0-0: Called Strike 0-1: Called Strike 0-2: Foul Ball, location: 2F 0-2: Ball 1-2: Strikes out swinging
|
|
Batting: RHB Davey Verhoog
|
0-0: Ball 1-0: Foul Ball, location: 2F 1-1: Foul Ball, location: 2F 1-2: Strikes out swinging
|
| Bottom of the 6th over - 1 run, 1 hit, 0 errors, 0 left on base; Staten Island 0 - Los Angeles (NYP) 3 |
| TOP OF THE 7TH |
|
Staten Island Yankees batting - Pitching for Los Angeles (NYP) Angels : RHP Owen Prouty
|
|
Batting: RHB Daniel Underhay
|
0-0: Ball 1-0: Called Strike 1-1: Ball 2-1: Swinging Strike 2-2: Strikes out swinging
|
|
Batting: LHB Mike Schermerhorn
|
0-0: Ball 1-0: SOLO HOME RUN (Flyball, 89XD, EV 106.2 MPH), Distance : 433 ft
|
|
Batting: LHB Dario Segura
|
0-0: Called Strike 0-1: Ball 1-1: Foul Ball, location: 2F 1-2: Ball 2-2: Strikes out swinging
|
|
Batting: RHB Pat Pemberton
|
0-0: Foul Ball, location: 2F 0-1: Ball 1-1: Ball 2-1: Swinging Strike 2-2: Strikes out swinging
|
| Top of the 7th over - 1 run, 1 hit, 0 errors, 0 left on base; Staten Island 1 - Los Angeles (NYP) 3 |
| BOTTOM OF THE 7TH |
|
Los Angeles (NYP) Angels batting - Pitching for Staten Island Yankees : RHP Jake Bryant
|
|
Batting: RHB Malachi Ephron
|
0-0: Foul Ball, location: 2F 0-1: Foul Ball, location: 2F 0-2: Foul Ball, location: 2F 0-2: Strikes out swinging
|
|
Batting: RHB Dan Myers
|
0-0: Called Strike 0-1: Foul Ball, location: 2F 0-2: Strikes out swinging
|
|
Batting: RHB Rory Cobb
|
0-0: Called Strike 0-1: Ball 1-1: Ball 2-1: Called Strike 2-2: Ball 3-2: Foul Ball, location: 2F 3-2: Strikes out looking
|
| Bottom of the 7th over - 0 runs, 0 hits, 0 errors, 0 left on base; Staten Island 1 - Los Angeles (NYP) 3 |
| TOP OF THE 8TH |
|
Staten Island Yankees batting - Pitching for Los Angeles (NYP) Angels : RHP Owen Prouty
|
|
Batting: RHB Brad Wren
|
0-0: Called Strike 0-1: Ball 1-1: Ball 2-1: Ball 3-1: Base on Balls
|
|
Pitching: LHP Tyler MacLean
|
|
|
Batting: RHB Jon Pierce
|
0-0: Ball 1-0: Ball 2-0: Called Strike 2-1: Foul Ball, location: 2F 2-2: Ball 3-2: Fly out, F7 (Flyball, 7LSF, EV 88.8 MPH)
|
|
Batting: SHB Adam Slade
|
0-0: Ball 1-0: Ball 2-0: Ball 3-0: Base on Balls Brad Wren to second
|
|
Pinch Hitting: RHB Edite Leoni
|
0-0: Ball 1-0: Fielders Choice at 2nd, 6-4 (Groundball, 6, EV 98.8 MPH) Brad Wren to third
|
|
Batting: RHB Jesus Ruiz
|
0-0: Swinging Strike 0-1: Fly out, F8 (Line Drive, 8RD, EV 91.9 MPH)
|
| Top of the 8th over - 0 runs, 0 hits, 0 errors, 2 left on base; Staten Island 1 - Los Angeles (NYP) 3 |
| BOTTOM OF THE 8TH |
|
Los Angeles (NYP) Angels batting - Pitching for Staten Island Yankees : RHP Jake Bryant
|
|
Pitching: RHP Gary Salazar
|
|
|
Now in LF: Mario Velazquez
|
|
|
Now in RF: Jon Pierce
|
|
|
Batting: RHB Sean Rocha
|
0-0: Ball 1-0: Ground out 6-3 (Groundball, 6, EV 82.5 MPH)
|
|
Batting: LHB Alberto Carrillo
|
0-0: Called Strike 0-1: Ball 1-1: Ball 2-1: Swinging Strike 2-2: Foul Ball, location: 2F 2-2: Ball 3-2: Ground out 5-3 (Groundball, 56S, EV 88.8 MPH)
|
|
Batting: SHB Danny Gelinas
|
0-0: Swinging Strike 0-1: Ball 1-1: Swinging Strike 1-2: Strikes out swinging
|
| Bottom of the 8th over - 0 runs, 0 hits, 0 errors, 0 left on base; Staten Island 1 - Los Angeles (NYP) 3 |
| TOP OF THE 9TH |
|
Staten Island Yankees batting - Pitching for Los Angeles (NYP) Angels : LHP Tyler MacLean
|
|
Pitching: RHP Simon Vogel
|
|
|
Batting: RHB Daniel Underhay
|
0-0: Called Strike 0-1: Ground out 4-3 (Groundball, 4, EV 76.9 MPH)
|
|
Batting: LHB Mike Schermerhorn
|
0-0: Swinging Strike 0-1: Foul Ball, location: 2F 0-2: Strikes out looking
|
|
Batting: LHB Dario Segura
|
0-0: Called Strike 0-1: Swinging Strike 0-2: Foul Ball, location: 2F 0-2: Ball 1-2: Ball 2-2: Strikes out looking
|
| Top of the 9th over - 0 runs, 0 hits, 0 errors, 0 left on base; Staten Island 1 - Los Angeles (NYP) 3 |
|